 Dungeon Crawl Stone Soup version 0.27-a0-695-gb4952372f7 (webtiles) character file.

Game seed: 12145476930106174047

35 inc the Scratcher (level 3, 17/17 HPs)
             Began as a Felid Chaos Knight on Mar 21, 2021.
             Was a Plaything of Xom.
             Quit the game on level 3 of the Dungeon.
             The game lasted 00:05:50 (2564 turns).

inc the Scratcher (Felid Chaos Knight)              Turns: 2564, Time: 00:05:50

Health: 17/17      AC:  1    Str:  6    XL:     3   Next: 16%
Magic:  4/4        EV: 17    Int: 12    God:    Xom [..*...]
Gold:   108        SH:  0    Dex: 13    Spells: 2/2 levels left
                                        Lives:  0   Deaths: 1

rFire    + . .     SeeInvis +     - Unarmed
rCold    . . .     Faith    .   (shield unavailable)
rNeg     . . .     Spirit   .   (armour unavailable)
rPois    .         Reflect  .   (helmet unavailable)
rElec    .         Harm     .   (cloak unavailable)
rCorr    .         Rampage  .   (gloves unavailable)
Will     +....     Rnd*Tele +   (boots unavailable)
Stlth    ++........             (no amulet)
HPRegen  0.05/turn              f - ring of willpower
MPRegen  0.09/turn              (no ring)

@: quick
A: very small, claws 1, fangs 3, see invisible, speed 1, shaggy fur 1, stealthy
paws, no weapons or thrown items, no armour, multi-lived, horns 1, clumsy 1,
dopey 1, fire resistance 1, teleportitis 1, weak 1
a: Renounce Religion


You were on level 3 of the Dungeon.
You worshipped Xom.
You were a toy of Xom.
You visited 1 branch of the dungeon, and saw 3 of its levels.

You collected 108 gold pieces.

Inventory:

Jewellery
 f - a ring of willpower (right paw)
 h - a ring of flight
Wands
 d - a wand of iceblast (12)
Scrolls
 b - a scroll of random uselessness {unknown}
 c - 2 scrolls of teleportation {unknown}
 e - a scroll of vulnerability {unknown}
Potions
 g - a potion of brilliance {unknown}


   Skills:
 - Level 3.0 Fighting
 + Level 3.6 Dodging
 + Level 1.5 Stealth
 * Level 4.7 Unarmed Combat


You had 2 spell levels left.
You didn't know any spells.
Your spell library contained the following spells:

 Spells                   Type           Power      Damage    Failure   Level
 Beastly Appendage        Tmut           0%         N/A       32%         1
 Wereblood                Tmut           0%         N/A       45%         2
 Confusing Touch          Hex            0%         N/A       69%         3
 Gell's Gravitas          Tloc           0%         N/A       69%         3
 Spider Form              Tmut/Pois      0%         N/A       69%         3
 Ice Form                 Ice/Tmut       0%         N/A       97%         4
 Petrify                  Tmut/Erth      0%         N/A       97%         4
 Blade Hands              Tmut           0%         N/A       100%        5
 Metabolic Englaciation   Hex/Ice        0%         N/A       100%        5
 Yara's Violent Unravell  Hex/Tmut       0%         3d3       100%        5


Dungeon Overview and Level Annotations

Branches:
Dungeon (3/15)

Altars:

Shops:
D:2 (

Annotations:
D:3 Natasha


Innate Abilities, Weirdness & Mutations

You have sharp claws.
You have razor-sharp teeth.
You have supernaturally acute eyesight. (SInv)
You cover ground quickly. (Speed+)
You are covered in fur. (AC +1)
Your stealthy paws help you sneak and pounce on unaware monsters.
You are incapable of wielding weapons or throwing items.
You cannot wear armour.
You gain extra lives every three experience levels.
You have a pair of small horns on your head.
You are clumsy. (Dex -2)
You are dopey. (Int -2)
Your flesh is heat resistant. (rF+)
You are occasionally teleported next to monsters.
You are weak. (Str -2)


Message History

You scratch the goblin.
The goblin is heavily wounded.
The goblin misses you.
You barely miss the goblin.
The goblin is heavily wounded.
The goblin hits you with a +0 club.
You scratch the goblin.
You kill the goblin!
You closely miss Natasha. Your headbutt misses Natasha.
Your bite misses Natasha. Natasha misses you.
You scratch Natasha.
Natasha is moderately wounded.
Natasha claws you!
You are too injured to fight recklessly!
You closely miss Natasha.
Natasha is moderately wounded.
Natasha misses you.
Okay, then.
You feel better.
Natasha casts a spell.
You scratch Natasha.
Natasha is heavily wounded.
Natasha barely misses you.
You closely miss Natasha. Your headbutt misses Natasha.
Natasha is heavily wounded.
Natasha completely misses you.
Natasha casts a spell.
The white imp gestures at you. The puff of frost hits you!
Natasha casts a spell.
The white imp gestures at you. The puff of frost hits you!
You die...
Xom giggles madly!
The crimson imp blinks!
You are now level 3!
Xom thinks this is hilarious!
You rejoin the land of the living...
Found a green potion.
Are you sure you want to abandon this character and quit the game? (Confirm with "yes".)

# ###.#
......#########
.......@.......
......#########
..... .... ..!
.. .


There were no monsters in sight!

Vanquished Creatures
  3 adders
  A dart slug (D:2)
  A leopard gecko (D:1)
  5 bats
  A giant cockroach (D:2)
  7 goblins
  3 hobgoblins
  2 jackals (D:1)
  7 kobolds
  A quokka (D:1)
  3 ball pythons
  4 frilled lizards (D:1)
  12 rats
50 creatures vanquished.

Notes
Turn   | Place    | Note
-------+----------+-------------------------------------------
     0 | D:1      | inc the Felid Chaos Knight began the quest for the Orb.
     0 | D:1      | Reached XP level 1. HP: 10/10 MP: 2/2
   117 | D:1      | XOM: god gift: 37 gold pieces
   118 | D:1      | XOM: cloud trail
   518 | D:1      | XOM: stat loss: -1 Dex (14/15)
   545 | D:1      | Reached XP level 2. HP: 11/14 MP: 3/3
   561 | D:1      | XOM: god gift: 19 arrows
   952 | D:1      | Reached skill level 4 in Unarmed Combat
  1062 | D:1      | XOM: 1-stop teleportation journey
  1207 | D:1      | XOM is BORED!
  1207 | D:1      | XOM: give mutations
  1207 | D:1      | Gained mutation: You are weak. (Str -2) [Xom's mischief]
  1207 | D:1      | Gained mutation: You are clumsy. (Dex -2) [Xom's mischief]
  1207 | D:1      | Gained mutation: You are frail. (-10% HP) [Xom's mischief]
  1282 | D:1      | XOM: give mutations
  1282 | D:1      | Gained mutation: Your flesh is heat resistant. (rF+) [Xom's
                  | mischief]
  1282 | D:1      | Gained mutation: Your magical capacity is low. (-10% MP)
                  | [Xom's mischief]
  1510 | D:2      | Reached XP level 3. HP: 10/15 MP: 3/3
  1544 | D:2      | XOM: 2-stop teleportation journey
  1760 | D:1      | XOM: give mutations
  1760 | D:1      | Lost mutation: Your magical capacity is low. (-10% MP)
                  | [Xom's mischief]
  1760 | D:1      | Gained mutation: You are dopey. (Int -2) [Xom's mischief]
  1760 | D:1      | Gained mutation: You are very frail. (-20% HP) [Xom's
                  | mischief]
  1774 | D:2      | Found Gezor's Weapon Shoppe.
  1793 | D:2      | XOM: silly message
  2090 | D:2      | Reached skill level 1 in Stealth
  2122 | D:2      | XOM: give mutations
  2122 | D:2      | Lost mutation: You are very frail. (-20% HP) [Xom's
                  | mischief]
  2122 | D:2      | Lost mutation: You are frail. (-10% HP) [Xom's mischief]
  2193 | D:2      | XOM: butterfly on damage
  2322 | D:2      | XOM: give mutations
  2322 | D:2      | Gained mutation: You are occasionally teleported next to
                  | monsters. [Xom's mischief]
  2322 | D:2      | Lost mutation: You are dopey. (Int -2) [Xom's mischief]
  2322 | D:2      | Gained mutation: You are dopey. (Int -2) [Xom's mischief]
  2322 | D:2      | Gained mutation: You have a pair of small horns on your
                  | head. [Xom's mischief]
  2345 | D:2      | Reached XP level 4. HP: 11/21 MP: 5/5
  2545 | D:3      | Noticed Natasha
  2563 | D:3      | Killed from afar by a white imp
  2564 | D:3      | Reached XP level 3. HP: 0/17 MP: 4/4
  2564 | D:3      | Quit the game

Illustrated notes

Levels and vault maps discovered:
D:1:      elethiomel_arrival_maze, layout_loops_ring
D:2:      layout_rooms, serial_shops, shop
D:3:      layout_rooms, serial_shops, shop_coins, uniq_terence, uniq_natasha,
          uniq_purgy

Skill      XL: |  1  2  3 |
---------------+----------+-----
Unarmed Combat | 4 |  4.7
Stealth        | 1 |  1.5
Fighting       | |  3.0
Dodging        | |  3.6

Action                   |  1- 3 |  4- 6 || total
-------------------------+-------+-------++-------
Melee: Unarmed           |   117 |    14 ||   131
       Bite              |     9 |     1 ||    10
       Headbutt          |     2 |     1 ||     3
       Punch             |     1 |       ||     1
  Use: Potion            |     2 |     1 ||     3
 Stab: Sleeping          |     7 |       ||     7
Armor: Skin              |     5 |       ||     5
Dodge: Dodged            |    83 |    13 ||    96

Table legend: (Time is in decaauts)
 A = Elapsed time spent in this place.
 B = Non-inter-level travel time spent in this place.
 C = Inter-level travel time spent in this place.
 D = Time resting spent in this place.
 E = Time spent auto-exploring this place.
 F = Levels seen in this place.
 G = Mean time per level.
                   A        B        C        D        E       F      G
               +--------+--------+--------+--------+--------+-----+--------+
         Total |   2275 |   2178 |     97 |    194 |   1248 |   3 |  758.3 |
       Dungeon |   2275 |   2178 |     97 |    194 |   1248 |   3 |  758.3 |
               +--------+--------+--------+--------+--------+-----+--------+

Top non-repeatable levels by time:
     D:1: 1422 daAuts
     D:2: 829 daAuts
     D:3: 24 daAuts
